 Dungeon Crawl Stone Soup version 0.27-a0-931-g5a74e75d8f (webtiles) character file.

Game seed: 805926527559060541

338 polve the Slasher (level 6, -2/39 (47) HPs)
             Began as a Demonspawn Abyssal Knight on Apr 10, 2021.
             Was a Believer of Lugonu.
             Slain by a gnoll
             ... wielding a +0 flail
              (5 damage)
             ... on level 4 of the Dungeon.
             The game lasted 00:02:23 (3159 turns).

polve the Slasher (Demonspawn Abyssal Knight)       Turns: 3159, Time: 00:02:24

HP:   -2/39 (47)    AC:  6    Str: 12    XL:     6   Next: 29%
MP:   7/7           EV:  8    Int: 16    God:    Lugonu [**....]
Gold: 165           SH:  4    Dex: 12    Spells: 5/5 levels left

rFire    . . .     SeeInvis .   a - +1 falchion
rCold    . . .     Faith    .   (no shield)
rNeg     . . .     Spirit   .   o - +0 scale mail
rPois    .         Reflect  .   (no helmet)
rElec    .         Harm     .   (no cloak)
rCorr    .         Rampage  .   (no gloves)
Will     .....                  (no boots)
Stlth    ..........             (no amulet)
HPRegen  0.13/turn              (no ring)
MPRegen  0.10/turn              (no ring)

@: heavily drained
A: large bone plates 1, demonic guardian 1, powered by pain 1
a: Renounce Religion, Depart the Abyss, Bend Space


You were on level 4 of the Dungeon.
You worshipped Lugonu.
Lugonu was pleased with you.
You visited 1 branch of the dungeon, and saw 4 of its levels.
You visited the Abyss 1 time.

You collected 165 gold pieces.

Inventory:

Hand Weapons
 a - a +1 falchion (weapon)
Armour
 b - a +0 leather armour
 j - a +0 helmet
 o - a +0 scale mail (worn)
Jewellery
 i - a ring of ice
Scrolls
 c - a scroll of vulnerability {unknown}
 d - 7 scrolls of identify {unknown}
 e - 2 scrolls of teleportation {unknown}
 h - a scroll of enchant weapon {unknown}
 l - a scroll of enchant armour {unknown}
Potions
 f - 4 potions of curing {unknown}
 g - 2 potions of degeneration {unknown}
 m - a potion of invisibility {unknown}
 n - a potion of lignification
 p - a potion of cancellation {unknown}


   Skills:
 - Level 3.0 Fighting
 + Level 6.1 Long Blades
 - Level 1.7 Armour
 - Level 0.8 Dodging
 - Level 2.4 Invocations


You had 5 spell levels left.
You didn't know any spells.
Your spell library contained the following spells:

 Spells                   Type           Power      Damage    Failure   Level
 Corona                   Hex            0%         N/A       78%         1
 Ensorcelled Hibernation  Hex/Ice        0%         N/A       89%         2
 Confusing Touch          Hex            0%         N/A       98%         3
 Dazzling Flash           Conj/Hex       0%         N/A       98%         3
 Tukima's Dance           Hex            0%         N/A       98%         3


Dungeon Overview and Level Annotations

Branches:
Dungeon (4/15)
 Temple: D:4-7

Altars:
Zin

Shops:
D:1 [

Annotations:
D:4 1 runed translucent door


Innate Abilities, Weirdness & Mutations

You are partially covered in large bone plates. (SH +4)
A weak demonic guardian rushes to your aid.
You sometimes gain a little power by taking damage.


Message History

Lugonu accepts your kill.
Your white imp disappears in a puff of smoke!
A ball python comes into view.
The ball python moves out of view.
A ball python is nearby!
A ball python is nearby!
You are too injured to fight recklessly!
You hit the ball python.
You kill the ball python!
Lugonu accepts your kill.
You see here a ball python corpse.
A gnoll comes into view.
It is wielding a +0 flail and wearing the +1 ring mail of Space {rPois Str-3 SInv}.
A gnoll is nearby!
A gnoll is nearby!
A gnoll is nearby!
You are too injured to fight recklessly!
The gnoll shouts!
You hear a shout! x2
A gnoll comes into view. It is wielding a +0 whip.
The gnoll shouts!
You hear a shout!
You hit the gnoll.
The gnoll is moderately wounded.
The gnoll hits you with a +0 flail!
You hit the gnoll but do no damage.
The gnoll is moderately wounded.
The gnoll hits you with a +0 flail.
A gnoll comes into view. It is wielding a +0 club.
The gnoll hits you with a +0 flail! The gnoll hits you with a +0 flail!
* * * LOW HITPOINT WARNING * * *
A demonic guardian appears!
The gnoll throws a stone.
The stone hits you.
* * * LOW HITPOINT WARNING * * *
You hit the gnoll.
The gnoll is heavily wounded.
The gnoll barely misses you.
The gnoll throws a stone.
The stone hits you but does no damage. You block the gnoll's attack.
Your quasit bites the gnoll but does no damage.
Your quasit closely misses the gnoll.
Your quasit claws the gnoll but does no damage.
The gnoll hits you with a +0 flail.
You die...

###.......## #...
#........####.#.
###.............#.
######......#######.[#.
.g.........#.....#....
#.###.).......#...(.#..#.
###.............'.._..#..#.
#.......g...#...#.....#..#.
####.######.g@.....#.....#..#.
.......# #.5......#######..##
#.....###................##.
#.....##..............####..
#...........†.........##....
#.....#..................##.
#...#.#####....#......######.
#..# #..####.##.##.....# ##.
... ##...)..##....#...# #..


You could see 3 gnolls and a friendly quasit (summoned).

Vanquished Creatures
  The ghost of p0werm0de the Skirmisher, an amateur GrFi (D:4)
  A necrophage (D:4)
  A hound (D:4)
  A hound skeleton (D:4)
  4 adders (D:4)
  An adder skeleton (D:3)
  2 worms (D:4)
  An orc (D:4)
  5 endoplasms
  2 giant cockroaches
  2 goblins (D:1)
  2 hobgoblins
  4 jackals
  2 quokkas (D:1)
  6 ball pythons
  4 bats
  3 frilled lizards
  8 kobolds
  5 rats
55 creatures vanquished.

Vanquished Creatures (collateral kills)
  A rat (D:4)
1 creature vanquished.

Grand Total: 56 creatures vanquished

Notes
Turn   | Place    | Note
-------+----------+-------------------------------------------
     0 | Abyss:1  | polve the Demonspawn Abyssal Knight began the quest for the
                  | Orb.
     0 | Abyss:1  | Reached XP level 1. HP: 18/18 MP: 2/2
    55 | Abyss:1  | Noticed a large abomination
    56 | D:1      | Escaped the Abyss
   210 | D:1      | Reached skill level 2 in Long Blades
   491 | D:1      | Found Xino's Armour Emporium.
   539 | D:1      | Gained mutation: You are partially covered in large bone
                  | plates. (SH +4) [demonic ancestry]
   539 | D:1      | Reached XP level 2. HP: 22/24 MP: 3/3
   564 | D:1      | Reached * piety under Lugonu
   770 | D:1      | Reached skill level 3 in Long Blades
  1100 | D:2      | Found a faded altar of an unknown god.
  1200 | D:2      | Reached XP level 3. HP: 28/29 MP: 4/4
  2205 | D:4      | Reached skill level 4 in Long Blades
  2205 | D:4      | Gained mutation: You sometimes gain a little power by
                  | taking damage. [demonic ancestry]
  2205 | D:4      | Reached XP level 4. HP: 20/35 MP: 5/5
  2569 | D:4      | Found a runed translucent door.
  2576 | D:4      | Noticed p0werm0de's ghost (amateur GrFi)
  2587 | D:4      | Reached ** piety under Lugonu
  2630 | D:4      | Killed p0werm0de's ghost
  2631 | D:4      | Reached skill level 5 in Long Blades
  2631 | D:4      | Gained mutation: A weak demonic guardian rushes to your
                  | aid. [demonic ancestry]
  2631 | D:4      | Reached XP level 5. HP: 13/41 MP: 6/6
  2663 | D:4      | Found a runed translucent door.
  2983 | D:4      | Noticed a necrophage
  3004 | D:4      | Killed a necrophage
  3005 | D:4      | Reached skill level 6 in Long Blades
  3005 | D:4      | Reached XP level 6. HP: 10/39 MP: 7/7
  3150 | D:4      | Identified the +1 ring mail of Space {rPois Str-3 SInv}
  3159 | D:4      | Slain by a gnoll

Illustrated notes

Levels and vault maps discovered:
D:1:      dpeg_arrival_concentric_ovals, layout_rooms, serial_shops,
          nicolae_shop_competitors_out_of_business
D:2:      layout_basic, ebering_ecumenical_altar_ruins
D:3:      layout_basic, minivault_11
D:4:      layout_rooms, amcnicky_altar_gilded, kennysheep_mini_moat,
          ebering_ghost_sewer_f

Skill      XL: |  1  2  3  4  5 |
---------------+----------------+-----
Long Blades    | 2 3 4 5 6 |  6.1
Fighting       | |  3.0
Armour         | |  1.7
Dodging        | |  0.8
Invocations    | |  2.4

Action                   |  1- 3 |  4- 6 || total
-------------------------+-------+-------++-------
Melee: Falchion          |   106 |    54 ||   160
       Unarmed           |       |    24 ||    24
Invok: Depart the Abyss  |     1 |       ||     1
  Use: Potion            |       |     2 ||     2
Armor: Leather armour    |    26 |       ||    26
       Scale mail        |    17 |    17 ||    34
       Skin              |       |    10 ||    10
Dodge: Dodged            |    64 |    21 ||    85
Block: Other             |    20 |     9 ||    29
       Rpst.: Falchion   |    22 |    10 ||    32

Table legend: (Time is in decaauts)
 A = Elapsed time spent in this place.
 B = Non-inter-level travel time spent in this place.
 C = Inter-level travel time spent in this place.
 D = Time resting spent in this place.
 E = Time spent auto-exploring this place.
 F = Levels seen in this place.
 G = Mean time per level.
                   A        B        C        D        E       F      G
               +--------+--------+--------+--------+--------+-----+--------+
         Total |   3184 |   3147 |     37 |     21 |   2667 |   5 |  636.8 |
       Dungeon |   3127 |   3090 |     37 |     21 |   2612 |   4 |  781.8 |
         Abyss |     57 |     57 |      0 |      0 |     55 |   1 |   57.0 |
               +--------+--------+--------+--------+--------+-----+--------+

Top non-repeatable levels by time:
     D:4: 1079 daAuts
     D:1: 994 daAuts
     D:3: 686 daAuts
     D:2: 367 daAuts
 Abyss:1: 57 daAuts
